AoeStats
← lavive3113

Nomad

510163680Analyzed
2v2 RM · 2d ago on Sep 29, 2026· 66m 19s· 4 players
Game mode
Random Map
Map size
176×176
Population
200
Speed
Normal
Resources
Standard
Victory
Conquest
Starting age
Dark Age
Ending age
Imperial Age
RankedLock teamsTeams togetherTeam positionsShared explorationLock speedFull tech treeHidden civsTurbo modeCheats
Victory
Defeat
🇫🇷 Burgundians · France
906
+11
🇫🇷 Romans · France
773
+17
🇨🇭 Goths · Switzerland
826
-15
🇦🇷 Bohemians · Argentina
767
-16
JurassicMark
15:18 Feudal Age
21:24 Castle Age
23:19 Double-Bit Axe
23:18 Horse Collar
26:32 Bow Saw
28:32 Pikeman
29:12 Squires
29:17 Scale Mail Armor
31:41 Anarchy
31:59 Forging
32:51 Heavy Plow
36:35 Imperial Age
36:31 Chain Mail Armor
36:52 Iron Casting
38:35 Two-Man Saw
38:12 Crop Rotation
38:56 Halberdier
40:42 Blast Furnace
40:06 Conscription
41:20 Elite Huskarl
44:08 Perfusion
62:57 Heavy Scorpion
Diego21301
9:50 Loom
16:27 Feudal Age
18:50 Man-at-Arms
30:07 Castle Age
35:14 Imperial Age
36:56 Chemistry
43:36 Wheelbarrow
50:23 Double-Bit Axe
52:34 Heavy Scorpion
55:48 Pikeman
58:11 Hand Cart
57:44 Town Watch
missoukette
6:33 Loom
16:46 Feudal Age
26:13 Castle Age
25:33 Fletching
25:33 Double-Bit Axe
30:35 Wheelbarrow
30:41 Bodkin Arrow
31:22 Bow Saw
32:34 Bloodlines
32:25 Husbandry
39:52 Imperial Age
40:38 Scale Mail Armor
40:49 Forging
40:44 Scale Barding Armor
40:40 Padded Archer Armor
42:24 Ballistics
43:06 Chemistry
42:02 Murder Holes
44:18 Conscription
51:34 Hand Cart
50:47 Elite Skirmisher
61:27 Ballistas
61:57 Heavy Scorpion
62:52 Town Watch
lavive3113
6:31 Loom
12:57 Double-Bit Axe
16:34 Feudal Age
17:51 Wheelbarrow
17:29 Bow Saw
17:03 Horse Collar
18:02 Gold Mining
20:34 Heavy Plow
22:14 Fletching
22:25 Padded Archer Armor
23:42 Gold Shaft Mining
25:30 Castle Age
25:27 Gold Shaft Mining
30:06 Burgundian Vineyards
33:08 Bodkin Arrow
33:28 Leather Archer Armor
33:22 Town Watch
34:05 Town Patrol
34:22 Hand Cart
38:33 Imperial Age
36:19 Murder Holes
36:35 Masonry
37:38 Crop Rotation
39:25 Stone Mining
41:48 Chemistry
41:20 Architecture
41:15 Scale Barding Armor
41:21 Forging
46:35 Bracer
46:07 Elite Skirmisher
46:07 Crossbowman
49:40 Husbandry
51:29 Guard Tower
52:00 Ballistics
51:25 Arrowslits
51:21 Treadmill Crane
52:15 Conscription
54:03 Elite Skirmisher
54:04 Crossbowman
55:16 Chain Barding Armor
55:31 Iron Casting
54:21 Light Cavalry
57:54 Hoardings
Connection lost

Rejoining the realm…

Still unreachable

The connection could not be restored.

Session expired

The server has moved on; the page needs a fresh start.